cohdb
Replays
Latest Replays
All Replays
Popular Replays
Top Player Replays
Match Explorer
How It Works
Community
CoH3 Stats
Reddit
Sign in to upload your games and track your stats! →
Sign in with Steam
Match 41867110
Unlisted
Match 41867110
Overview
Messages
Build Orders
End
Kradschützen Motorcycle Team
Panzerpioneer Squad
250 Light Carrier
250 Light Carrier
Construct Light Support Kompanie
Combat Half-tracks
Assault Grenadier Squad
2.5-tonne Medical Truck
Fire Support Elements
Flakvierling Half-track
Vehicle Survival Package
Panzerjäger Mechanized Group
Panzerpioneer Squad
Construct Panzerarmee Kommand
Walking Stuka Rocket Launcher
Panzerpioneer Squad
Flak 36 Anti-tank Gun Team
Walking Stuka Rocket Launcher
Kradschützen Motorcycle Team
Walking Stuka Rocket Launcher
Walking Stuka Rocket Launcher
[HAN]Diederick Kastner
ValiantHawk
AirborneAssassin
Sieg oder Sibirien
Der Wüstenhase
Kylen
runningDuck
JRocinante
0
0
Comments
sign in to comment!
No comments posted yet!